 Dungeon Crawl Stone Soup version 0.31-a0-408-gb642c7f9a3 (webtiles) character file.

Game seed: 4145673947720719408

77312 zazu2006 the Spear-Bearer (level 15, -17/117 HPs)
             Began as a Gnoll Wanderer on July 29, 2023.
             Was a High Priest of Vehumet.
             Killed from afar by a fire dragon (58 damage)
             ... with a blast of flame
             ... on level 12 of the Dungeon on July 30, 2023.
             The game lasted 01:18:06 (24357 turns).

zazu2006 the Spear-Bearer (Gnoll Wanderer)         Turns: 24357, Time: 01:18:06

Health: -17/117    AC: 14    Str: 15    XL:     15   Next: 56%
Magic:  30/30      EV: 15    Int: 15    God:    Vehumet [*****.]
Gold:   2103       SH: 13    Dex: 12    Spells: 24/37 levels left

rFire   x . .        K - +4 trident
rCold   + . .        p - +2 kite shield {rC+}
rNeg    . . .        X - +0 steam dragon scales
rPois   +            O - +2 hat
rElec   .            z - +0 cloak
rCorr   +            b - +0 pair of gloves
SInv    .            I - +1 pair of boots {Fly}
Will    +....        C - amulet of magic regeneration
Stlth   ++++++       n - ring of poison resistance
HPRegen 0.39/turn    u - ring "Diocat" {Fly rF- rCorr Slay+5 Stlth+}
MPRegen 0.62/turn

%: no passive effects
@: about to teleport, flying, slowed, very slow
A: fangs 1, strong nose, distributed training
a: Renounce Religion


You were on level 12 of the Dungeon.
You worshipped Vehumet.
Vehumet was extremely pleased with you.
You visited 3 branches of the dungeon, and saw 19 of its levels.
You also visited: Ice Cave and Volcano.

You collected 2103 gold pieces.

Inventory:

Hand Weapons
 K - a +4 trident (weapon)
Missiles
 w - a throwing net
Armour
 b - a +0 pair of gloves (worn)
 p - a +2 kite shield of cold resistance (worn)
 v - +0 ice dragon scales
 z - a +0 cloak (worn)
 I - a +1 pair of boots of flying (worn)
 M - +0 acid dragon scales
 O - a +2 hat (worn)
 X - +0 steam dragon scales (worn)
Jewellery
 n - a ring of poison resistance (left hand)
 s - an amulet of the acrobat
 u - the ring "Diocat" (right hand) {Fly rF- rCorr Slay+5 Stlth+}
   (You found it on level 3 of the Dungeon)

   [ring of flight]

   Slay:      It affects your accuracy & damage with ranged weapons and melee
   (+5).
   rF:        It makes you vulnerable to fire.
   Fly:       It grants you flight.
   rCorr:     It protects you from acid and corrosion.
   Stlth:     It makes you more stealthy.
 C - an amulet of magic regeneration (around neck)
 H - a ring of protection from cold
Wands
 d - a wand of iceblast (3)
 y - a wand of flame (1)
 B - a wand of paralysis (23)
 L - a wand of digging (6)
 R - a wand of light (13)
Scrolls
 c - 8 scrolls of teleportation
 j - a scroll of blinking
 r - 2 scrolls of fog
 E - 5 scrolls of noise
 F - a scroll of identify
 N - a scroll of amnesia
Potions
 a - 2 potions of berserk rage {unknown}
 e - 10 potions of curing
 g - 3 potions of might
 h - 4 potions of lignification
 i - a potion of cancellation {unknown}
 k - 3 potions of heal wounds
 l - a potion of enlightenment
 m - a potion of brilliance {unknown}
 o - 3 potions of invisibility
 q - a potion of resistance
 t - 4 potions of haste {unknown}
 A - 2 potions of attraction {unknown}
 D - a potion of ambrosia
 G - 4 potions of mutation
 P - 3 potions of magic {unknown}
Miscellaneous
 f - a lightning rod (4/4)
 x - a phial of floods
 J - a sack of spiders
 W - a piece from Xom's chessboard (15/15)


   Skills:
 + Level 10.4 Fighting
 + Level 10.4 Short Blades
 + Level 10.4 Long Blades
 + Level 10.4 Axes
 + Level 10.4 Maces & Flails
 + Level 12.2 Polearms
 + Level 10.4 Staves
 + Level 10.4 Ranged Weapons
 + Level 10.4 Throwing
 + Level 10.4 Armour
 + Level 10.4 Dodging
 + Level 11.9 Stealth
 + Level 10.4 Shields
 + Level 10.4 Unarmed Combat
 + Level 11.5 Spellcasting
 + Level 9.5 Conjurations
 + Level 8.7 Hexes
 + Level 8.7 Summonings
 + Level 8.7 Necromancy
 + Level 8.7 Translocations
 + Level 8.7 Transmutations
 + Level 8.7 Fire Magic
 + Level 8.7 Ice Magic
 + Level 8.7 Air Magic
 + Level 8.7 Earth Magic
 + Level 8.7 Poison Magic
 + Level 11.3 Invocations
 + Level 10.4 Evocations
 + Level 8.7 Shapeshifting


You had 24 spell levels left.
You knew the following spells:

 Your Spells              Type           Power      Damage    Failure   Level
a - Shock                 Conj/Air       100%       1d9       1%          1
b - Mephitic Cloud        Conj/Pois/Air  35%        N/A       1%          3
c - Sticky Flame          Conj/Fire      36%        2d6       1%          4
d - Lee's Rapid Deconstr  Erth           17%        3d10*     4%          5

Your spell library contained the following spells:

 Spells                   Type           Power      Damage    Failure   Level
 Kiss of Death            Conj/Necr      100%       2d13      1%          1
 Scorch                   Fire           68%        2d7       1%          2
 Confusing Touch          Hex            34%        N/A       1%          3
 Hailstorm                Conj/Ice       36%        3d9       1%          3
 Ignite Poison            Fire/Tmut/Pois 34%        N/A       1%          3
 Ozocubu's Armour         Ice            34%        N/A       1%          3
 Summon Guardian Golem    Hex/Summ       34%        N/A       1%          3
 Tukima's Dance           Hex            34%        N/A       1%          3
 Flame Wave               Conj/Fire      36%        2d10      1%          4
 Animate Dead             Necr           34%        N/A       4%          4
 Dispel Undead            Necr           34%        3d15      4%          4
 Passage of Golubria      Tloc           34%        N/A       4%          4
 Summon Ice Beast         Ice/Summ       34%        N/A       4%          4
 Yara's Violent Unravell  Hex/Tmut       17%        3d8       4%          5
 Borgnjor's Vile Clutch   Necr/Erth      17%        N/A       14%         5
 Metabolic Englaciation   Hex/Ice        17%        N/A       14%         5
 Orb of Destruction       Conj           18%        9d8       58%         7
 Death Channel            Necr           17%        N/A       61%         6
 Simulacrum               Ice/Necr       17%        N/A       61%         6
 Summon Cactus Giant      Summ           17%        N/A       61%         6
 Spellforged Servitor     Conj/Summ      18%        N/A       63%         7
 Ozocubu's Refrigeration  Ice            17%        4d11      69%         7
 Ignition                 Fire           17%        3d7       99%         8


Dungeon Overview and Level Annotations

Branches:
Dungeon (13/15)            Temple (1/1) D:4            Lair (5/5) D:8
  Swamp (0/4) Lair:2        Snake (0/4) Lair:3        Slime (0/5) Lair:5
    Orc (0/2) D:10          IceCv (visited)         Volcano (visited)
 Vaults: D:13-14

Altars:
Ashenzari
Cheibriados
Dithmenos
Elyvilon
Fedhas
Gozag
Hepliaklqana
Kikubaaqudgha
Makhleb
Nemelex Xobeh
Okawaru
Qazlal
Ru
Sif Muna
Trog
Uskayaw
Vehumet
Wu Jian
Xom
Yredelemnul
Zin
The Shining One
Jiyva

Shops:
D:7 =   D:8 *

Annotations:
Lair:1 1 runed translucent door, hotbaconsauce's ghost, journeyman MiFi


Innate Abilities, Weirdness & Mutations

You have very sharp teeth.
Your uncanny sense of smell can sniff out nearby items.
Your experience applies equally to all skills.


Message History

Unknown command.
You hit the sphinx.
The sphinx is almost dead.
The sphinx is engulfed in noxious fumes.
You block the sphinx's attack. The sphinx completely misses you.
The sphinx closely misses you.
Unknown command.
Casting: Mephitic Cloud (safe; 1% risk of failure)
Confirm with . or Enter, or press ? or * to list all spells.
Aiming: Mephitic Cloud (safe; 1% risk of failure)
Press: ? - help, Shift-Dir - straight line, f/p - sphinx
Aim: a sphinx (almost dead, chance to affect: 24%)
The ball explodes into a vile cloud!
The stinking cloud engulfs the sphinx but does no damage.
The sphinx is almost dead.
The stinking cloud engulfs the fire dragon but does no damage.
The fire dragon is lightly wounded.
The stinking cloud engulfs you but does no damage.
The sphinx is engulfed in noxious fumes.
The sphinx appears confused.
The sphinx misses you. x2
The sphinx hits you but does no damage.
The sphinx is engulfed in noxious fumes.
The sphinx completely misses you. The sphinx misses you.
The sphinx hits you but does no damage.
Unknown command.
You puncture the sphinx!
You kill the sphinx!
Vehumet accepts your kill.
You feel your power returning.
Unknown command.
As you read the scroll of teleportation, it crumbles to dust.
You feel strangely unstable. The fire dragon bites you!
The fire dragon claws you but does no damage.
The fire dragon tramples you.
You are shoved backwards!
The boulder beetle is engulfed in noxious fumes.
The boulder beetle curls into a ball and begins rolling!
The boulder beetle is engulfed in noxious fumes.
The fire dragon breathes flames at you. The blast of flame hits you!!!
The fire burns you terribly!
You die...

### ###'### ###
##.. #...
#.....##... #..
$...°#..$..#....
### )....'..8..'...
∆ #....D# #.....#
#.....#
#...e.############
#.....°○BD@.......
#########.########
#.#################
#..................
###################


You could see a fire dragon (catching breath), a boulder beetle (rolling) and a
deep elf pyromancer.

Vanquished Creatures
  A sphinx (D:12)
  Gastronok (D:8)
  Kirke (D:12)
  A frost giant (IceCv)
  A dire elephant (Lair:5)
  A catoblepas (Lair:5)
  A centaur warrior (D:13)
  2 hydras
  4 boulder beetles
  A deep troll shaman (Lair:5)
  4 two-headed ogres
  13 death yaks
  Amaemon (D:7)
  A deep elf archer (Volcano)
  6 deep elf pyromancers
  A salamander (Lair:3)
  2 ugly things
  4 oklob plants (Lair:3)
  A manticore (D:13)
  2 cyclopes (D:11)
  30 elephants
  A black mamba (Lair:1)
  3 gargoyles
  An ice statue (IceCv)
  A torpor snail (Lair:3)
  An orange demon (D:8)
  Maggie (D:9)
  10 cane toads
  3 rime drakes
  3 komodo dragons
  4 kobold demonologists
  An efreet (D:13)
  5 trolls
  15 polar bears
  19 blink frogs
  11 dream sheep (Lair:3)
  5 slime creatures
  56 yaks
  3 wyverns
  A wraith (D:13)
  3 hogs (D:12)
  A vampire (D:12)
  5 fire elementals (Volcano)
  6 basilisks
  A steam dragon (D:7)
  Menkaure (D:4)
  2 acid dragons
  18 water moccasins
  Duvessa (D:7)
  3 hell hounds (Volcano)
  A sky beast (D:6)
  4 black bears
  3 orc warriors
  2 centaurs
  3 ogres
  42 wolves
  2 phantoms
  13 kobold brigands
  6 bullfrogs
  2 cane toad simulacra (D:13)
  4 gnoll sergeants
  A two-headed ogre simulacrum (D:13)
  5 wights (D:8)
  Dowan (D:7)
  8 killer bees
  9 howler monkeys
  2 electric eels (D:8)
  3 lava snakes (Lair:3)
  A gnoll bouda (Lair:3)
  12 hounds
  Crazy Yiuf (D:4)
  5 orc priests
  A jelly (D:7)
  2 sleepcaps
  2 iguanas
  2 orc wizards
  5 hell rats (Lair:4)
  A spriggan simulacrum (D:13)
  2 polar bear simulacra (D:13)
  Terence (D:3)
  2 wolf simulacra (D:13)
  15 gnolls
  12 adders
  2 shadow imps
  2 white imps
  2 worms
  A dart slug (D:2)
  30 orcs
  5 ball pythons
  6 endoplasms
  3 giant cockroaches
  6 goblins
  10 hobgoblins
  A jackal (D:5)
  2 quokkas (D:4)
  5 bats
  A frilled lizard (D:2)
  28 kobolds
  5 rats
548 creatures vanquished.

Vanquished Creatures (collateral kills)
  A centaur (D:8)
  A gnoll (D:12)
2 creatures vanquished.

Vanquished Creatures (others)
  A deep elf pyromancer (Volcano)
  A polar bear (IceCv)
  4 humans
6 creatures vanquished.

Grand Total: 556 creatures vanquished

Notes
Turn   | Place    | Note
-------+----------+-------------------------------------------
     0 | D:1      | zazu2006 the Gnoll Wanderer began the quest for the Orb.
     0 | D:1      | zazu2006 set off with the following items: a +2 spear, a +0
                  | pair of gloves, a scroll of teleportation, a +0 leather
                  | armour; and the following spell memorised: Shock; and the
                  | following spells available to memorise: Mephitic Cloud.
     0 | D:1      | Reached XP level 1. HP: 13/13 MP: 6/6
   548 | D:1      | Reached XP level 2. HP: 19/19 MP: 5/7
  1152 | D:2      | Reached skill level 5 in Spellcasting
  1152 | D:2      | Reached XP level 3. HP: 24/25 MP: 4/9
  1302 | D:2      | Reached skill level 1 in Invocations
  1371 | D:2      | Reached skill level 1 in Fighting
  1371 | D:2      | Reached skill level 1 in Short Blades
  1371 | D:2      | Reached skill level 1 in Long Blades
  1371 | D:2      | Reached skill level 1 in Axes
  1371 | D:2      | Reached skill level 1 in Maces & Flails
  1371 | D:2      | Reached skill level 1 in Staves
  1371 | D:2      | Reached skill level 1 in Ranged Weapons
  1371 | D:2      | Reached skill level 1 in Throwing
  1371 | D:2      | Reached skill level 1 in Armour
  1371 | D:2      | Reached skill level 1 in Dodging
  1371 | D:2      | Reached skill level 1 in Shields
  1371 | D:2      | Reached skill level 1 in Unarmed Combat
  1371 | D:2      | Reached skill level 1 in Evocations
  1725 | D:3      | Learned a level 3 spell: Mephitic Cloud
  1888 | D:3      | Reached XP level 4. HP: 32/32 MP: 4/11
  2157 | D:3      | Identified the ring "Diocat" {Fly rF- rCorr Slay+5 Stlth+}
  2284 | D:3      | Noticed Terence
  2293 | D:3      | Killed Terence
  2294 | D:3      | Reached skill level 1 in Hexes
  2294 | D:3      | Reached skill level 1 in Summonings
  2294 | D:3      | Reached skill level 1 in Necromancy
  2294 | D:3      | Reached skill level 1 in Translocations
  2294 | D:3      | Reached skill level 1 in Transmutations
  2294 | D:3      | Reached skill level 1 in Fire Magic
  2294 | D:3      | Reached skill level 1 in Ice Magic
  2294 | D:3      | Reached skill level 1 in Air Magic
  2294 | D:3      | Reached skill level 1 in Earth Magic
  2294 | D:3      | Reached skill level 1 in Poison Magic
  2294 | D:3      | Reached skill level 1 in Shapeshifting
  2480 | D:4      | Noticed Menkaure
  2488 | D:4      | Reached XP level 5. HP: 37/37 MP: 3/12
  2609 | D:4      | Killed Menkaure
  2610 | D:4      | Reached XP level 6. HP: 25/44 MP: 6/13
  2682 | D:4      | Found a burning altar of Makhleb.
  2712 | D:4      | Found a runed translucent door.
  2713 | D:4      | Noticed Crazy Yiuf
  2998 | D:4      | Found an ancient bone altar of Kikubaaqudgha.
  3264 | D:4      | Noticed a human
  3265 | D:4      | Killed a human
  3323 | D:4      | Reached skill level 7 in Polearms
  3323 | D:4      | Reached XP level 7. HP: 43/50 MP: 15/15
  3428 | D:4      | Found a sacrificial altar of Ru.
  3603 | D:4      | Found a staircase to the Ecumenical Temple.
  3612 | Temple   | Entered the Ecumenical Temple
  3777 | D:4      | Killed Crazy Yiuf
  3883 | D:5      | Entered Level 5 of the Dungeon
  4009 | D:5      | Reached XP level 8. HP: 57/57 MP: 8/16
  4810 | D:5      | Found a glowing golden altar of the Shining One.
  5229 | D:6      | Reached skill level 5 in Conjurations
  5231 | D:6      | Reached XP level 9. HP: 59/65 MP: 18/18
  5788 | D:7      | Noticed Duvessa
  5788 | D:7      | Noticed Dowan
  5805 | D:7      | Killed Duvessa
  5809 | D:7      | Killed Dowan
  6068 | D:7      | Reached skill level 8 in Polearms
  6253 | D:7      | Found Loiri's Jewellery Boutique.
  6306 | D:7      | Found a snail-covered altar of Cheibriados.
  6777 | D:8      | Noticed an orange demon
  6778 | D:8      | Found an ornate altar of the Wu Jian Council.
  6784 | D:8      | Noticed Amaemon
  6800 | D:8      | Killed an orange demon
  6801 | D:8      | Reached skill level 5 in Invocations
  6803 | D:8      | Noticed a troll
  6980 | D:8      | Found a radiant altar of Vehumet.
  6988 | D:8      | Became a worshipper of Vehumet
  7001 | D:8      | Learned a level 4 spell: Sticky Flame
  7189 | D:7      | Killed Amaemon
  7190 | D:7      | Reached skill level 5 in Fighting
  7190 | D:7      | Reached skill level 5 in Short Blades
  7190 | D:7      | Reached skill level 5 in Long Blades
  7190 | D:7      | Reached skill level 5 in Axes
  7190 | D:7      | Reached skill level 5 in Maces & Flails
  7190 | D:7      | Reached skill level 5 in Staves
  7190 | D:7      | Reached skill level 5 in Ranged Weapons
  7190 | D:7      | Reached skill level 5 in Throwing
  7190 | D:7      | Reached skill level 5 in Armour
  7190 | D:7      | Reached skill level 5 in Dodging
  7190 | D:7      | Reached skill level 5 in Shields
  7190 | D:7      | Reached skill level 5 in Unarmed Combat
  7190 | D:7      | Reached skill level 5 in Evocations
  7190 | D:7      | Reached XP level 10. HP: 52/74 MP: 13/20
  7363 | D:8      | Found a staircase to the Lair.
  7695 | D:8      | Found Siyj's Fire Supplies.
  7984 | D:8      | Found a bloodstained altar of Trog.
  8005 | D:8      | Found a broken altar of Ashenzari.
  8010 | D:8      | Found a sparkling altar of Nemelex Xobeh.
  8037 | D:8      | Noticed Gastronok
  8068 | D:8      | Killed Gastronok
  8430 | D:9      | Noticed a two-headed ogre
  8437 | D:9      | Noticed a green ugly thing
  8448 | D:9      | Noticed a boulder beetle
  8448 | D:9      | Killed a two-headed ogre
  8457 | D:9      | Noticed a deep elf pyromancer
  8479 | D:9      | Found an opulent altar of Gozag.
  8666 | D:9      | Killed a deep elf pyromancer
  8666 | D:9      | Reached * piety under Vehumet
  8666 | D:9      | Offered knowledge of Foxfire by Vehumet.
  8667 | D:9      | Reached skill level 9 in Polearms
  8667 | D:9      | Reached XP level 11. HP: 81/81 MP: 12/22
  8683 | D:9      | Reached skill level 5 in Hexes
  8683 | D:9      | Reached skill level 5 in Summonings
  8683 | D:9      | Reached skill level 5 in Necromancy
  8683 | D:9      | Reached skill level 5 in Translocations
  8683 | D:9      | Reached skill level 5 in Transmutations
  8683 | D:9      | Reached skill level 5 in Fire Magic
  8683 | D:9      | Reached skill level 5 in Ice Magic
  8683 | D:9      | Reached skill level 5 in Air Magic
  8683 | D:9      | Reached skill level 5 in Earth Magic
  8683 | D:9      | Reached skill level 5 in Poison Magic
  8683 | D:9      | Reached skill level 5 in Shapeshifting
  8692 | D:9      | Noticed Maggie
  8696 | D:9      | Noticed a boulder beetle
  8711 | D:10     | Entered Level 10 of the Dungeon
  8879 | D:10     | Noticed a two-headed ogre
  8893 | D:10     | Killed a two-headed ogre
  9000 | D:10     | Identified the +1 leather armour of Heitidgh {rPois}
  9016 | D:10     | Found a staircase to the Orcish Mines.
  9511 | D:9      | Identified the staff of Ascent {Fragile rF+ rCorr MP+9
                  | Str+9 Fire}
  9527 | D:9      | Identified the +0 cloak of the Other Side {rF+ rC- SInv}
  9561 | D:9      | Killed a green ugly thing
  9584 | D:9      | Offered knowledge of Sandblast by Vehumet.
  9758 | D:9      | Killed a boulder beetle
  9860 | D:9      | Found a glowing silver altar of Zin.
  9860 | D:9      | Noticed an angel
 10022 | D:9      | Reached ** piety under Vehumet
 10041 | D:9      | Killed a boulder beetle
 10456 | D:9      | Killed Maggie
 10577 | Lair:1   | Entered Level 1 of the Lair of Beasts
 10898 | D:8      | Reached XP level 12. HP: 61/89 MP: 14/24
 11090 | Lair:1   | Offered knowledge of Poisonous Vapours by Vehumet.
 11608 | Lair:1   | Found a runed translucent door.
 11644 | Lair:1   | Reached *** piety under Vehumet
 11679 | Lair:1   | Reached skill level 10 in Polearms
 11825 | Lair:1   | Noticed hotbaconsauce's ghost (journeyman MiFi)
 11826 | Lair:1   | Identified the +5 trident "Vuxtorar" {flame, +Blink rElec
                  | rC+}
 12275 | Lair:2   | Offered knowledge of Flame Wave by Vehumet.
 12810 | Lair:2   | Found a staircase to the Swamp.
 12951 | Lair:2   | Reached skill level 10 in Stealth
 13170 | Lair:2   | Noticed a six-headed hydra
 13175 | Lair:2   | Identified a scroll of acquirement
 13187 | Lair:2   | Acquired 366 gold pieces
 13320 | Lair:2   | Reached XP level 13. HP: 98/98 MP: 21/26
 13586 | Lair:2   | Reached **** piety under Vehumet
 14105 | Lair:3   | Offered knowledge of Airstrike by Vehumet.
 14940 | Lair:3   | Reached skill level 10 in Spellcasting
 15418 | Lair:3   | Found a staircase to the Snake Pit.
 16038 | Lair:4   | Reached ***** piety under Vehumet
 16046 | Lair:4   | Offered knowledge of Arcjolt by Vehumet.
 16253 | Lair:4   | Reached skill level 11 in Polearms
 16500 | Lair:4   | Identified the +0 morningstar "Fytouh" {freeze, rF+ rN++
                  | SInv}
 16871 | Lair:4   | Reached XP level 14. HP: 70/108 MP: 21/28
 17301 | Lair:5   | Entered Level 5 of the Lair of Beasts
 17349 | Lair:5   | Reached skill level 10 in Invocations
 17543 | Lair:5   | Found a dark tunnel.
 17551 | Volcano  | Entered a volcano
 18823 | Lair:5   | Found a viscous altar of Jiyva.
 18825 | Lair:5   | Found a staircase to the Slime Pits.
 19740 | Lair:5   | Noticed a dire elephant
 19770 | Lair:5   | Killed a dire elephant
 21197 | D:11     | Offered knowledge of Lee's Rapid Deconstruction by Vehumet.
 21207 | D:11     | Learned a level 5 spell: Lee's Rapid Deconstruction
 22049 | D:12     | Reached XP level 15. HP: 109/115 MP: 28/30
 22103 | D:12     | Noticed Kirke
 22126 | D:12     | Killed Kirke
 22324 | D:12     | You are sucked into a shaft and drop 1 floor!
 22382 | D:13     | Reached skill level 10 in Fighting
 22382 | D:13     | Reached skill level 10 in Short Blades
 22382 | D:13     | Reached skill level 10 in Long Blades
 22382 | D:13     | Reached skill level 10 in Axes
 22382 | D:13     | Reached skill level 10 in Maces & Flails
 22382 | D:13     | Reached skill level 10 in Staves
 22382 | D:13     | Reached skill level 10 in Ranged Weapons
 22382 | D:13     | Reached skill level 10 in Throwing
 22382 | D:13     | Reached skill level 10 in Armour
 22382 | D:13     | Reached skill level 10 in Dodging
 22382 | D:13     | Reached skill level 10 in Shields
 22382 | D:13     | Reached skill level 10 in Unarmed Combat
 22382 | D:13     | Reached skill level 10 in Evocations
 22563 | D:13     | Found a frozen archway.
 22573 | IceCv    | Entered an ice cave
 22597 | IceCv    | Reached skill level 12 in Polearms
 23123 | IceCv    | Noticed a frost giant
 23277 | IceCv    | Killed a frost giant
 24334 | D:12     | Noticed a sphinx
 24355 | D:12     | Killed a sphinx
 24357 | D:12     | Killed from afar by a fire dragon

Illustrated notes

Levels and vault maps discovered:
D:1:      dpeg_arrival_renting, layout_loops_ring
D:2:      layout_rooms, serial_bayou_pond_b, minivault_19
D:3:      layout_basic, uniq_terence
D:4:      layout_rooms, mainiacjoe_overflow_brackets,
          nicolae_ru_the_path_less_chosen, tgw_kikubaaqudgha,
          minmay_temple_entry_glassed_door, minmay_misc_feat_four_crosses,
          nicolae_concentric_dashed_squares_wild, uniq_menkaure,
          uniq_crazy_yiuf_cottage
D:5:      layout_cave_pools, tso_altar, minmay_divided_ellipse
D:6:      layout_gridville
D:7:      layout_loops_ring, slow_altar_1, serial_shops,
          nicolae_shop_getting_attention, uniq_duvessa
D:8:      layout_cave_pods, mainiacjoe_overflow_cross_hatched,
          grunt_temple_overflow_open, nicolae_vehumet_radiance,
          erik_lair_island, nicolae_shop_fire_sale [nicolae_sub_dead_trees],
          uniq_gastronok, uniq_amaemon
D:9:      layout_rooms, zin_angel, kennysheep_mini_moat,
          hangedman_decor_peaks_small, chequers_serial_rivers_micro_b,
          minmay_radiant, uniq_maggie
D:10:     layout_small_grid, orc_0_dummy
D:11:     layout_basic
D:12:     layout_basic, minmay_three_doors, uniq_kirke
D:13:     layout_rooms, portal_ice_cave_entry_ice_simulacra
Temple:   dpeg_chambers_temple
Lair:1:   layout_chaotic_city, ebering_ghost_funeral_grove, grunt_megastairs_4
Lair:2:   layout_regular_city, swamp_mist
Lair:3:   minmay_lair_oklob_tunnel, layout_regular_city,
          nicolae_snake_entry_warm_welcome, dreamdust_gnoll_shepherd
Lair:4:   layout_long_grid
Lair:5:   grunt_lair_end_beastmaster, layout_cellular_growth, slime_entry_1,
          enter_volcano_1, dreamdust_mushroom_princess, st_stairs_3,
          lemuel_fruit_fields

Skill      XL: |  1  2  3  4  5  6  7  8  9 10 11 12 13 14 15 |
---------------+----------------------------------------------+-----
Spellcasting   | 5 6 7 8 9 10 11 | 11.5
Stealth        | 6 7 8 9 10 11 | 11.9
Invocations    | 1 2 3 4 5 6 7 8 9 10 11 | 11.3
Fighting       | 1 2 3 5 6 7 9 10 | 10.4
Short Blades   | 1 2 3 5 6 7 9 10 | 10.4
Long Blades    | 1 2 3 5 6 7 9 10 | 10.4
Axes           | 1 2 3 5 6 7 9 10 | 10.4
Maces & Flails | 1 2 3 5 6 7 9 10 | 10.4
Staves         | 1 2 3 5 6 7 9 10 | 10.4
Ranged Weapons | 1 2 3 5 6 7 9 10 | 10.4
Throwing       | 1 2 3 5 6 7 9 10 | 10.4
Armour         | 1 2 3 5 6 7 9 10 | 10.4
Dodging        | 1 2 3 5 6 7 9 10 | 10.4
Shields        | 1 2 3 5 6 7 9 10 | 10.4
Unarmed Combat | 1 2 3 5 6 7 9 10 | 10.4
Evocations     | 1 2 3 5 6 7 9 10 | 10.4
Hexes          | 1 2 3 4 5 6 7 8 |  8.7
Summonings     | 1 2 3 4 5 6 7 8 |  8.7
Necromancy     | 1 2 3 4 5 6 7 8 |  8.7
Translocations | 1 2 3 4 5 6 7 8 |  8.7
Transmutations | 1 2 3 4 5 6 7 8 |  8.7
Fire Magic     | 1 2 3 4 5 6 7 8 |  8.7
Ice Magic      | 1 2 3 4 5 6 7 8 |  8.7
Air Magic      | 1 2 3 4 5 6 7 8 |  8.7
Earth Magic    | 1 2 3 4 5 6 7 8 |  8.7
Poison Magic   | 1 2 3 4 5 6 7 8 |  8.7
Shapeshifting  | 1 2 3 4 5 6 7 8 |  8.7
Conjurations   | 4 5 6 7 8 9 |  9.5
Polearms       | 7 8 9 10 11 12 | 12.2

Action                     |  1- 3 |  4- 6 |  7- 9 | 10-12 | 13-15 || total
---------------------------+-------+-------+-------+-------+-------++-------
  Melee: Spear             |    28 |    49 |    54 |       |       ||   131
         Bite              |     2 |     4 |    31 |    58 |   190 ||   285
         Punch             |       |     2 |     4 |     9 |       ||    15
         Trident           |       |       |   175 |   439 |  1001 ||  1615
  Throw: Dart              |       |       |     1 |       |       ||     1
   Cast: Shock             |    62 |    88 |    64 |     9 |    14 ||   237
         Mephitic Cloud    |       |       |    16 |    61 |   156 ||   233
         Sticky Flame      |       |       |     2 |    62 |   104 ||   168
         Lee's Rapid Decon |       |       |       |       |     7 ||     7
  Evoke: Wand              |       |       |       |     2 |       ||     2
         Lightning rod     |       |       |       |       |     4 ||     4
    Use: Scroll            |       |       |       |    14 |    10 ||    24
         Potion            |       |       |       |       |     1 ||     1
   Stab: Sleeping          |     2 |     1 |     8 |     5 |    10 ||    26
         Confused          |       |       |     5 |    43 |    89 ||   137
         Paralysed         |       |       |       |     2 |       ||     2
         Distracted        |       |       |       |       |     1 ||     1
 Armour: Leather armour    |    16 |     7 |    35 |       |       ||    58
         Steam dragon scal |       |       |    30 |    97 |   228 ||   355
  Dodge: Dodged            |    14 |    23 |    82 |   197 |   434 ||   750
  Block: Buckler           |       |       |       |    98 |   208 ||   306
         Kite shield       |       |       |       |       |    79 ||    79

Table legend: (Time is in decaauts)
 A = Elapsed time spent in this place.
 B = Non-inter-level travel time spent in this place.
 C = Inter-level travel time spent in this place.
 D = Time resting spent in this place.
 E = Time spent auto-exploring this place.
 F = Levels seen in this place.
 G = Mean time per level.
                   A        B        C        D        E       F      G
               +--------+--------+--------+--------+--------+-----+--------+
         Total |  24096 |  23280 |    816 |   1785 |  15641 |  21 | 1147.4 |
       Dungeon |  13593 |  13122 |    471 |    881 |   9392 |  13 | 1045.6 |
        Temple |      1 |      0 |      1 |      0 |      0 |   1 |    1.0 |
          Lair |   8722 |   8378 |    344 |    353 |   5822 |   5 | 1744.4 |
      Ice Cave |   1159 |   1159 |      0 |    150 |    427 |   1 | 1159.0 |
       Volcano |    618 |    618 |      0 |    401 |      0 |   1 |  618.0 |
               +--------+--------+--------+--------+--------+-----+--------+

Top non-repeatable levels by time:
  Lair:5: 2228 daAuts
  Lair:3: 1873 daAuts
     D:8: 1830 daAuts
  Lair:2: 1830 daAuts
  Lair:4: 1431 daAuts
     D:4: 1378 daAuts
  Lair:1: 1358 daAuts
     D:7: 1298 daAuts
     D:9: 1285 daAuts
   IceCv: 1159 daAuts
     D:5: 1064 daAuts
     D:1: 1040 daAuts
    D:11: 1020 daAuts
    D:12: 958 daAuts
    D:10: 864 daAuts
